 Dungeon Crawl Stone Soup version 0.28-a0-1629-gf728b707aa (webtiles) character file.

Game seed: 3308893998842830272

28 croobank the Sneak (level 2, 0/14 HPs)
             Began as a Felid Delver on Jan 24, 2022.
             Slain by an adder (4 damage)
             ... on level 2 of the Dungeon.
             The game lasted 00:04:53 (2125 turns).

croobank the Sneak (Felid Delver)                   Turns: 2125, Time: 00:04:53

Health: 0/14       AC:  1    Str:  8    XL:     2   Next: 96%
Magic:  3/3        EV: 18    Int: 11    God:
Gold:   113        SH:  0    Dex: 17    Spells: 1/1 levels left
                                        Lives:  0   Deaths: 0

rFire   . . .      SeeInvis +     - Unarmed
rCold   . . .      Faith    .   (shield unavailable)
rNeg    . . .      Spirit   .   (armour unavailable)
rPois   .          Reflect  .   (helmet unavailable)
rElec   .          Harm     .   (cloak unavailable)
rCorr   .          Rampage  .   (gloves unavailable)
Will    .....                   (boots unavailable)
Stlth   ++++......              (no amulet)
HPRegen 0.04/turn               (no ring)
MPRegen 0.08/turn               (no ring)

@: quick
A: very small, claws 1, fangs 3, see invisible, speed 1, shaggy fur 1, stealthy
paws, no weapons or thrown items, no armour, multi-lived
a: no special abilities


You were on level 2 of the Dungeon.
You visited 1 branch of the dungeon, and saw 5 of its levels.

You collected 113 gold pieces.

Inventory:

Jewellery
 d - a ring of flight
Wands
 e - a wand of digging (3)
 f - a wand of acid (4)
Scrolls
 a - a scroll of fog
 b - 2 scrolls of identify {unknown}
 c - a scroll of fear
 i - a scroll of enchant armour {unknown}
Potions
 g - a potion of invisibility {unknown}
 h - a potion of ambrosia {unknown}
 j - a potion of curing {unknown}


   Skills:
 + Level 3.3 Fighting
 + Level 3.4 Dodging
 + Level 6.9 Stealth
 + Level 2.4 Unarmed Combat
 + Level 0.0 Spellcasting
 + Level 0.0 Hexes
 + Level 0.0 Ice Magic


You had one spell level left.
You didn't know any spells.
Your spell library contained the following spells:

 Spells                   Type           Power      Damage    Failure   Level
 Ensorcelled Hibernation  Hex/Ice        0%         N/A       47%         2
 Spider Form              Tmut/Pois      0%         N/A       71%         3
 Anguish                  Hex/Necr       0%         N/A       98%         4


Dungeon Overview and Level Annotations

Branches:
Dungeon (5/15)
 Temple: D:4-7

Altars:


Innate Abilities, Weirdness & Mutations

You have sharp claws.
You have razor-sharp teeth.
You have supernaturally acute eyesight. (SInv)
You cover ground quickly. (Speed+)
You are covered in fur. (AC +1)
Your paws help you pounce on unaware monsters.
You are incapable of wielding weapons or throwing items.
You cannot wear armour.
You gain extra lives every three experience levels.


Message History

You miss the adder. The adder bites you. The adder closely misses you.
You barely miss the adder. The adder completely misses you.
You barely miss the adder. The adder misses you.
You scratch the adder.
The adder is lightly wounded.
The adder misses you.
You closely miss the adder.
The adder is lightly wounded.
The adder bites you. The adder closely misses you.
You closely miss the adder. The adder closely misses you.
You closely miss the adder. The adder closely misses you.
You scratch the adder.
The adder is lightly wounded.
The adder closely misses you.
You barely miss the adder. Your bite misses the adder.
The adder is lightly wounded.
The adder barely misses you. The adder completely misses you.
You miss the adder.
The adder is lightly wounded.
The adder misses you.
You scratch the adder.
The adder is lightly wounded.
The adder misses you.
You miss the adder. You bite the adder.
The adder is heavily wounded.
The adder misses you. x2
You scratch the adder but do no damage. You claw the adder.
The adder is almost dead.
The adder bites you.
You miss the adder. Your bite misses the adder.
The adder is almost dead.
The adder completely misses you.
You closely miss the adder.
The adder is almost dead.
The adder bites you.
* * * LOW HITPOINT WARNING * * *
You miss the adder.
The adder is almost dead.
The adder barely misses you. The adder bites you.
You die...

...#####....##.#
....###..#..# ##
........###.# #.
..>.##...# .# ##..
.#.###....... ..$ ...#
##.###### #.. ...# #.#
#.# ...# #.# #S# ..##
#.# #@# ...# #.# #.#
...####.# #.####..+
........########.......#
........(........##.....
.#.############### #.##
.#.# # .#.# ...#


You could see an adder.

Vanquished Creatures
  2 endoplasms (D:1)
  A giant cockroach (D:1)
  2 goblins
  2 hobgoblins (D:1)
  3 jackals (D:1)
  4 kobolds (D:1)
  2 quokkas
  2 ball pythons
  A bat (D:1)
  2 frilled lizards (D:1)
  5 rats (D:1)
26 creatures vanquished.

Notes
Turn   | Place    | Note
-------+----------+-------------------------------------------
     0 | D:5      | croobank the Felid Delver began the quest for the Orb.
     0 | D:5      | Reached XP level 1. HP: 10/10 MP: 2/2
    23 | D:5      | Noticed a necrophage
    42 | D:5      | Noticed an ogre
    54 | D:5      | Noticed a scorpion
   104 | D:4      | Noticed a gnoll shaman
   112 | D:4      | Noticed an iguana
   801 | D:1      | Reached XP level 2. HP: 14/14 MP: 3/3
  2026 | D:2      | Identified the +1 leather armour "Ygyucs" {Str+4 Dex+4}
  2125 | D:2      | Slain by an adder

Illustrated notes

Levels and vault maps discovered:
D:1:      dpeg_arrival_stonehenge_12_columns, layout_loops_corners,
          grunt_decor_one_mirror
D:2:      layout_loops_ring, shapermc_ecumenical_altar_flowoftime,
          kennysheep_pointless_box, uniq_jessica
D:3:      layout_basic, mainiacjoe_overflow_chevrons, uniq_sigmund
D:4:      layout_rooms, serial_shops, nicolae_shop_crystal, shop
D:5:      layout_loops_ring, chequers_ossuary_entry_cave

Skill      XL: |  1 |
---------------+----+-----
Dodging        | 3 |  3.4
Fighting       | |  3.3
Stealth        | |  6.9
Unarmed Combat | |  2.4

Action                   || total
-------------------------++-------
Melee: Unarmed           ||    82
       Bite              ||     6
       Punch             ||     2
  Use: Scroll            ||     1
       Potion            ||     1
 Stab: Sleeping          ||     8
Armor: Skin              ||     4
Dodge: Dodged            ||    59

Table legend: (Time is in decaauts)
 A = Elapsed time spent in this place.
 B = Non-inter-level travel time spent in this place.
 C = Inter-level travel time spent in this place.
 D = Time resting spent in this place.
 E = Time spent auto-exploring this place.
 F = Levels seen in this place.
 G = Mean time per level.
                   A        B        C        D        E       F      G
               +--------+--------+--------+--------+--------+-----+--------+
         Total |   1900 |   1880 |     20 |    929 |    597 |   5 |  380.0 |
       Dungeon |   1900 |   1880 |     20 |    929 |    597 |   5 |  380.0 |
               +--------+--------+--------+--------+--------+-----+--------+

Top non-repeatable levels by time:
     D:1: 1223 daAuts
     D:2: 578 daAuts
     D:5: 73 daAuts
     D:4: 13 daAuts
     D:3: 12 daAuts
